 Dungeon Crawl Stone Soup version 0.17-a0-2055-gb4e23be (webtiles) character file.

239361 derrpe the Severer (level 18, -5/165 HPs)
             Began as a Deep Dwarf Hunter on Oct 11, 2015.
             Was a Priest of Elyvilon.
             Splashed with acid (18 damage)
             ... on level 2 of the Pits of Slime on Oct 12, 2015.
             The game lasted 02:07:22 (36911 turns).

derrpe the Severer (Deep Dwarf Hunter)             Turns: 36911, Time: 02:07:23

Health: -5/165     AC: 33    Str: 30    XL:     18   Next: 58%
Magic:  28/29      EV: 14    Int: 19    God:    Elyvilon [***...]
Gold:   364        SH: 18    Dex: 22    Spells: 4 memorised, 11 levels left

rFire  . . .     SeeInvis +     a - +9 war axe "Beetlebane" {freeze, Dex+6}
rCold  . . .     Clarity  .     X - +12 plate armour of Cowardice {rPois Dex+5}
rNeg   + . .     SustAt   .     u - +4 shield "Wuirchemn" {rPois rCorr}
rPois  +         Gourm    .     K - +0 mask of the Dragon {MR+ Slay+3 SInv}
rElec  .         Spirit   .     g - +2 cloak of Okawaru's Benevolence {Str+2 Int+5 Dex-5}
rCorr  +         Warding  .     q - +1 pair of gloves
rMut   +         Stasis   .     (no boots)
MR     +++..                    H - amulet of resist mutation
Stlth  ..........               k - +6 ring of slaying
                                y - ring of Cuomoc {Str+6 Dex+3 Stlth+}

@: protection, non-regenerating, repel missiles, extremely resistant to hostile
enchantments, extremely unstealthy
A: damage resistance, recharge devices, negative energy resistance 1, sense
surroundings 3, slow regeneration 3
a: Device Recharging, Lesser Healing, Divine Protection, Heal Other,
Purification, Renounce Religion
}: 2/15 runes: decaying, serpentine


You were on level 2 of the Pits of Slime.
You worshipped Elyvilon.
Elyvilon was most pleased with you.
You were not hungry.

You visited 6 branches of the dungeon, and saw 34 of its levels.
You also visited: Volcano.

You collected 3917 gold pieces.
You spent 3553 gold pieces at shops.

Inventory:

Hand Weapons
 a - the +9 war axe "Beetlebane" (weapon) {freeze, Dex+6}
   (You found it on level 5 of the Dungeon)

   It has been specially enchanted to freeze those struck by it, causing extra
   injury to most foes and up to half again as much damage against particularly
   susceptible opponents.
   It can also slow down cold-blooded creatures.
   It affects your dexterity (+6).
 b - a +1 hand crossbow of venom
Missiles
 v - 233 bolts
 C - 15 bolts of flame
 I - a throwing net
 M - 28 tomahawks (quivered)
 U - 32 bolts of frost
Armour
 c - a +5 shield of resistance
 g - the +2 cloak of Okawaru's Benevolence (worn) {Str+2 Int+5 Dex-5}
   (You found it on level 1 of the Swamp)

   It affects your strength (+2).
   It affects your intelligence (+5).
   It affects your dexterity (-5).
 q - a +1 pair of gloves (worn)
 u - the +4 shield "Wuirchemn" (worn) {rPois rCorr}
   (You found it on level 1 of the Snake Pit)

   It protects you from poison.
   It protects you from acid and corrosion.
 K - the +0 mask of the Dragon (worn) {MR+ Slay+3 SInv}
   (You acquired it in a volcano)

   It affects your accuracy and damage with ranged weapons and melee attacks
   (+3).
   It affects your resistance to hostile enchantments.
   It lets you see invisible.
 X - the +12 plate armour of Cowardice (worn) {rPois Dex+5}
   (You bought it in a shop on level 9 of the Dungeon)

   It affects your dexterity (+5).
   It protects you from poison.
Jewellery
 k - a +6 ring of slaying (right hand)
 m - an uncursed ring of teleportation
 x - an uncursed amulet of the gourmand
 y - the ring of Cuomoc (left hand) {Str+6 Dex+3 Stlth+}
   (You bought it in a shop on level 1 of the Orcish Mines)

   [ring of stealth]

   It affects your strength (+6).
   It affects your dexterity (+3).
   It makes you more stealthy.
 H - an amulet of resist mutation (around neck)
 P - an uncursed ring of invisibility
 W - an uncursed ring of flight
Wands
 e - a wand of heal wounds (0)
 s - a wand of fire (8)
 N - a wand of cold (7)
 R - a wand of cold (6)
 V - a wand of disintegration (13)
Scrolls
 h - 3 scrolls of magic mapping
 j - 5 scrolls of recharging
 o - 6 scrolls of teleportation
 p - a scroll of summoning
 A - a scroll of enchant armour
 D - 2 scrolls of enchant weapon
 F - a scroll of blinking
 J - 2 scrolls of identify
 L - 7 scrolls of remove curse
 Q - 4 scrolls of fog
 Y - 5 scrolls of fear
 Z - 2 scrolls of amnesia
Potions
 d - 12 potions of curing
 i - 2 potions of magic
 l - 2 potions of cancellation
 t - 2 potions of invisibility
 w - 5 potions of heal wounds
 z - 4 potions of haste
 B - 3 potions of cure mutation
 O - a potion of berserk rage
Comestibles
 f - 23 bread rations {@e1}
 n - 11 meat rations {@e2}
 r - 20 fruits


   Skills:
 + Level 11.2 Fighting
 * Level 17.9 Axes
 + Level 10.1 Crossbows
 + Level 11.5 Armour
 - Level 8.1 Dodging
 - Level 1.2 Stealth
 + Level 11.7 Shields
 - Level 9.3 Charms
 - Level 6.0 Translocations
 - Level 6.0 Air Magic
 + Level 17.3 Invocations
 + Level 9.2 Evocations


You had 11 spell levels left.
You knew the following spells:

 Your Spells              Type           Power        Failure   Level  Hunger
a - Repel Missiles        Chrm/Air       ####..       14%         2    ###....
b - Swiftness             Chrm/Air       ####....     14%         2    ###....
c - Apportation           Tloc           ###.......   17%         1    ##.....
d - Summon Butterflies    Summ           #.......     99%         1    ##.....


Dungeon Overview and Level Annotations

Branches:
Dungeon (11/15)            Temple (0/1) D:4            Lair (8/8) D:11
  Swamp (4/4) Lair:4        Snake (4/4) Lair:3        Slime (3/6) Lair:6
    Orc (4/4) D:11            Elf (0/3) Orc:4

Altars:
Dithmenos
Elyvilon
Gozag
Kikubaaqudgha
Okawaru
Qazlal
Ru
Trog
Vehumet
Xom
Beogh

Shops:
D:7 [   D:9 [   D:11 *   Orc:1 =(!   Orc:2 =   Orc:4 *[(=

Annotations:
D:4 Purgy
D:10 exclusion: orange crystal statue
Lair:2 exclusion: oklob plant


Innate Abilities, Weirdness & Mutations

You are resistant to damage.
You can recharge devices by infusing magical energy.
You resist negative energy.
You passively map a large area around you.
You do not regenerate naturally.


Message History

* * * LOW HITPOINT WARNING * * *
The azure jelly freezes you!!
* * * LOW HITPOINT WARNING * * *
The azure jelly hits you but does no damage. x3
Read which item? (? for menu, Esc to quit)
As you read the scroll of teleportation, it crumbles to dust.
You feel strangely unstable.
The azure jelly hits you but does no damage. x3
You block the azure jelly's attack.
The azure jelly hits you but does no damage.
The azure jelly closely misses you. You block the azure jelly's attack.
You block the azure jelly's attack. You block the azure jelly's attack. x2
The azure jelly misses you.
The azure jelly hits you but does no damage.
Unknown command.
Your surroundings suddenly seem different.
Unknown command.
The walls burn you! You resist.
You die...

# **
#.....#..........##
..,
##.#.#............#
#.#*
#.................##
##
##.#.#.............#
####..............#
##.#.........#.....#
#...................
##.#.....#...#......
##@....###.###.##.#
##....# ### ### ##
#.#.## #...## ##.##
###


There were no monsters in sight!

Vanquished Creatures
  Saint Roka (Snake:4)
  Vashnia (Snake:3)
  Rupert (Lair:8)
  6 acid blobs
  2 thorn hunters
  9 greater nagas
  4 azure jellies
  Maud (Orc:2)
  The ghost of trelanon the Unseen, an adept VSEn of Dithmenos (Swamp:4)
  The ghost of Nico3ck the Severer, a journeyman HOBe of Trog (D:11)
  The ghost of SlimeFever the Cleaver, a journeyman DrWn of Cheibriados (D:11)
  An ice dragon (Swamp:4)
  18 naga warriors
  19 anacondas
  8 alligators
  3 catoblepae (Lair:8)
  5 shock serpents
  10 death yaks (Lair:8)
  5 orc high priests
  16 naga sharpshooters
  Urug (Orc:2)
  6 salamander mystics (Snake:4)
  6 swamp dragons
  3 orc knights
  3 spriggan druids
  5 lindwurms
  Pikel (D:6)
  2 shambling mangroves
  10 naga ritualists
  A hornet (Swamp:1)
  3 shining eyes
  16 mana vipers
  2 griffons
  3 orc sorcerers
  4 ugly things
  5 salamanders
  2 torpor snails
  5 elephants (Lair:2)
  11 guardian serpents
  15 naga magi
  2 molten gargoyles (Volcano)
  26 spiny frogs
  46 black mambas
  A kobold demonologist (Orc:2)
  4 fire drakes
  9 komodo dragons
  4 freezing wraiths (Swamp:4)
  4 trolls
  Grinder (D:3)
  9 giant leeches
  9 blink frogs
  63 slime creatures
  9 bog bodies
  A hornet zombie (D:10)
  7 two-headed ogres
  9 spriggans
  38 yaks
  A deep elf mage (D:9)
  2 hogs (Lair:6)
  A human (D:7)
  8 fire bats
  2 wyverns
  2 basilisks
  5 swamp worm simulacra (Swamp:4)
  5 golden eyes (Slime:2)
  12 hippogriffs
  7 wargs
  46 nagas
  18 insubstantial wisps
  Edmund (D:6)
  23 vampire mosquitoes
  20 swamp worms
  A hell hound (Volcano)
  Duvessa (D:5)
  12 hydra simulacra (Swamp:4)
  8 sky beasts
  8 porcupines
  28 water moccasins
  4 eyes of draining (Slime:1)
  3 phantoms (D:8)
  11 wasps
  2 ice beasts
  25 ogres
  28 orc warriors
  6 swamp drakes
  A necrophage (D:7)
  5 centaurs
  17 crocodiles
  10 giant frogs
  17 big kobolds
  A wyvern zombie (D:9)
  3 scorpions
  Dowan (D:5)
  14 killer bees
  6 electric eels
  2 lava snakes (Volcano)
  3 crimson imps
  3 giant frog zombies
  19 orc priests
  A two-headed ogre zombie (Orc:1)
  A centaur zombie (D:7)
  7 hounds
  2 giant frog skeletons
  24 jellies
  6 iguanas
  Terence (D:3)
  5 worker ants
  29 orc wizards
  14 sheep
  13 gnolls
  A worker ant zombie (D:7)
  24 adders
  40 river rats
  A shadow imp (D:4)
  3 swamp drake simulacra (Swamp:4)
  An ooze (D:6)
  An adder zombie (D:7)
  5 giant geckos
  141 orcs
  3 ball pythons
  10 giant cockroaches
  12 goblins
  9 hobgoblins
  11 jackals
  5 quokkas
  15 bats
  A giant cockroach zombie (D:6)
  A giant gecko skeleton (D:4)
  8 giant newts
  49 kobolds
  11 rats
  10 fungi
  9 plants
1325 creatures vanquished.

Vanquished Creatures (others)
  An azure jelly (Swamp:4)
  A swamp dragon (Swamp:3)
  A naga mage (Snake:1)
  An elephant (Lair:2)
  A black mamba (Snake:3)
  A slime creature (Swamp:2)
  A naga (Snake:3)
  A human (Lair:6)
  A swamp worm (Swamp:4)
  2 water moccasins (Lair:4)
  An ice beast (D:6)
  3 slaves (D:6)
  A black bear (D:8)
  A centaur (D:6)
  3 hounds
  An orc priest (D:6)
  An orc wizard (D:7)
  A worker ant (D:6)
  3 adders
  A shadow imp (D:6)
  4 orcs
  10 kobolds (D:6)
  17 fungi
  5 plants
63 creatures vanquished.

Grand Total: 1388 creatures vanquished

Notes
Turn   | Place    | Note
--------------------------------------------------------------
     0 | D:1      | derrpe the Deep Dwarf Hunter began the quest for the Orb.
     0 | D:1      | Reached XP level 1. HP: 19/19 MP: 1/1
    54 | D:1      | Reached skill level 1 in Armour
   146 | D:1      | Reached XP level 2. HP: 26/26 MP: 2/2
  1702 | D:2      | Reached XP level 3. HP: 25/33 MP: 3/3
  1814 | D:2      | Found a white marble altar of Elyvilon.
  1816 | D:2      | Found a bloodstained altar of Trog.
  1820 | D:2      | Became a worshipper of Elyvilon the Healer
  1867 | D:2      | Reached skill level 5 in Crossbows
  1890 | D:1      | Reached skill level 1 in Invocations
  1890 | D:1      | Reached XP level 4. HP: 36/40 MP: 4/4
  2417 | D:2      | Found an opulent altar of Gozag.
  2488 | D:2      | Found a sacrificial altar of Ru.
  2722 | D:3      | Noticed Grinder
  2776 | D:3      | Killed Grinder
  2776 | D:3      | Reached XP level 5. HP: 40/49 MP: 5/7
  2776 | D:3      | Reached XP level 6. HP: 45/56 MP: 5/8
  2835 | D:3      | Found a radiant altar of Vehumet.
  3106 | D:3      | Found an ancient bone altar of Kikubaaqudgha.
  3133 | D:3      | Noticed Terence
  3140 | D:3      | Killed Terence
  3140 | D:3      | Reached skill level 6 in Crossbows
  3376 | D:3      | Acquired Elyvilon's first power
  3629 | D:4      | Noticed Purgy
  3717 | D:3      | Reached XP level 7. HP: 29/63 MP: 10/10
  4473 | D:4      | Found a staircase to the Ecumenical Temple.
  4501 | D:4      | Reached skill level 5 in Invocations
  4802 | D:5      | Entered Level 5 of the Dungeon
  4802 | D:5      | Noticed Duvessa
  4802 | D:5      | Noticed Dowan
  4956 | D:5      | Reached XP level 8. HP: 17/73 MP: 10/12
  4998 | D:5      | Reached skill level 7 in Crossbows
  4998 | D:5      | Reached skill level 5 in Armour
  5040 | D:5      | Found a shadowy altar of Dithmenos.
  5044 | D:5      | Found a stormy altar of Qazlal.
  5114 | D:5      | Killed Dowan
  5134 | D:5      | Killed Duvessa
  5146 | D:5      | Reached skill level 5 in Fighting
  5258 | D:5      | Got an ancient war axe
  5267 | D:5      | Identified the +9 war axe "Beetlebane" {freeze, Dex+6} (You found it on level 5 of the Dungeon)
  5292 | D:5      | Acquired Elyvilon's second power
  5765 | D:6      | Noticed Edmund
  5774 | D:6      | Reached skill level 1 in Axes
  5789 | D:6      | Killed Edmund
  5828 | D:6      | Noticed Pikel
  5834 | D:6      | Killed Pikel
  5834 | D:6      | Gained mutation: You passively map the area around you. [Deep Dwarf growth]
  5834 | D:6      | Reached XP level 9. HP: 40/81 MP: 12/14
  6134 | D:6      | Reached skill level 5 in Axes
  6871 | D:6      | Reached skill level 8 in Invocations
  7364 | D:7      | Reached skill level 9 in Invocations
  7407 | D:7      | Found Veys's Antique Armour Shop.
  7413 | D:7      | Bought a pair of bloodstained boots for 304 gold pieces
  7418 | D:7      | Identified the cursed -3 pair of boots of the Tick {+Blink MR- Regen+ Int+2} (You bought it in a shop on level 7 of the Dungeon)
  7809 | D:7      | Reached XP level 10. HP: 81/88 MP: 17/17
  8193 | D:8      | Found a shimmering altar of Xom.
  8648 | D:8      | Reached skill level 10 in Axes
  8663 | D:8      | Learned a level 2 spell: Repel Missiles
  8666 | D:8      | Learned a level 2 spell: Swiftness
  8698 | D:8      | Reached skill level 10 in Invocations
  9259 | D:9      | Acquired Elyvilon's third power
  9309 | D:9      | Found an opulent altar of Gozag.
  9723 | D:9      | Found Boujor's Antique Armour Boutique.
  9809 | D:9      | Reached skill level 11 in Axes
 10000 | D:9      | Found an iron altar of Okawaru.
 10126 | D:9      | Noticed Erolcha
 10133 | D:9      | Pacified Erolcha
 10297 | D:10     | Entered Level 10 of the Dungeon
 10303 | D:10     | Noticed a brown ugly thing
 10323 | D:10     | Killed a brown ugly thing
 10641 | D:10     | Noticed a six-headed hydra
 10644 | D:10     | Pacified a six-headed hydra
 10644 | D:10     | Reached skill level 12 in Axes
 10644 | D:10     | Reached XP level 11. HP: 70/94 MP: 14/19
 11283 | D:10     | Got a bloodstained battleaxe
 11411 | D:10     | Identified the +9 battleaxe of the Gloaming {chop, rElec Str-5 Dex+2 Stlth+} (You found it on level 10 of the Dungeon)
 11529 | D:11     | Noticed Nico3ck's ghost (journeyman HOBe)
 11551 | D:11     | Killed Nico3ck's ghost
 11812 | D:11     | Noticed SlimeFever's ghost (journeyman DrWn)
 12175 | D:11     | Found a staircase to the Lair.
 12185 | Lair:1   | Entered Level 1 of the Lair of Beasts
 12226 | Lair:1   | Reached skill level 13 in Axes
 12370 | Lair:1   | Found a dark tunnel.
 12385 | Volcano  | Entered a volcano
 12634 | Volcano  | Identified 3 scrolls of acquirement
 12662 | Volcano  | Found a bloodstained altar of Trog.
 12662 | Volcano  | Noticed a lindwurm
 12675 | Volcano  | Killed a lindwurm
 12835 | Lair:1   | Reached XP level 12. HP: 64/104 MP: 21/21
 13905 | Lair:2   | Noticed an eight-headed hydra
 13907 | Lair:2   | Pacified an eight-headed hydra
 13907 | Lair:2   | Reached skill level 14 in Axes
 13907 | Lair:2   | Reached skill level 5 in Dodging
 14753 | Lair:3   | Found a staircase to the Snake Pit.
 15612 | D:11     | Killed SlimeFever's ghost
 15712 | D:11     | Found a staircase to the Orcish Mines.
 15876 | D:11     | Found Fadef's Serpentskin Sales.
 16006 | D:9      | Bought a distressingly furry plate armour for 672 gold pieces
 16016 | D:9      | Identified the +12 plate armour of Cowardice {rPois Dex+5} (You bought it in a shop on level 9 of the Dungeon)
 16442 | Lair:4   | Reached skill level 1 in Shields
 16568 | Lair:4   | You fall through a shaft for 3 floors!
 16794 | Lair:7   | Reached XP level 13. HP: 63/114 MP: 23/23
 16976 | Lair:7   | Reached skill level 5 in Shields
 17542 | Lair:8   | Entered Level 8 of the Lair of Beasts
 17542 | Lair:8   | Acquired Elyvilon's fourth power
 17659 | Lair:8   | Reached skill level 15 in Axes
 18025 | Lair:8   | Was placed under penance by Elyvilon
 18458 | Lair:8   | Noticed Rupert
 18496 | Lair:6   | Was forgiven by Elyvilon
 18511 | Lair:6   | Noticed Kirke
 18530 | Lair:6   | Pacified Kirke
 18677 | Lair:6   | Learned a level 1 spell: Apportation
 18723 | Lair:6   | Found a staircase to the Slime Pits.
 20269 | Lair:4   | Found a staircase to the Swamp.
 20477 | Lair:4   | Reached skill level 16 in Axes
 20507 | Lair:4   | Noticed an eight-headed hydra
 20508 | Lair:4   | Pacified an eight-headed hydra
 20508 | Lair:4   | Gained mutation: You resist negative energy. [Deep Dwarf growth]
 20508 | Lair:4   | Reached XP level 14. HP: 100/126 MP: 24/24
 20861 | Lair:4   | Learned a level 1 spell: Summon Butterflies
 21016 | Orc:1    | Entered Level 1 of the Orcish Mines
 21268 | Orc:1    | Found Cainioph's Weapon Emporium.
 21312 | Orc:1    | Found a roughly hewn altar of Beogh.
 21442 | Orc:1    | Acquired Elyvilon's fifth power
 21859 | Orc:2    | Found Anioff's Jewellery Emporium.
 22727 | Orc:4    | Entered Level 4 of the Orcish Mines
 22732 | Orc:4    | Noticed an orc warlord
 22830 | Orc:2    | Noticed Maud
 22830 | Orc:2    | Noticed Sonja
 22831 | Orc:2    | Noticed Urug
 22831 | Orc:2    | Pacified Sonja
 22847 | Orc:2    | Killed Maud
 22889 | Orc:2    | Found a roughly hewn altar of Beogh.
 22951 | Orc:1    | Reached skill level 15 in Invocations
 22981 | Orc:1    | Found Osin's Distillery.
 23177 | Orc:1    | Found Vuytuf's Jewellery Boutique.
 23239 | Orc:1    | Bought the ring of Cuomoc {Str+6 Dex+3 Stlth+} for 564 gold pieces
 23306 | Orc:2    | Killed Urug
 23729 | Orc:4    | Found Jeurphicw's Antique Armour Shoppe.
 23782 | Orc:4    | Found Nupsoseu's Jewellery Shop.
 23796 | Orc:4    | Found Itukic's Antique Weapon Shoppe.
 23826 | Orc:4    | Pacified an orc warlord
 23895 | Orc:4    | Found a staircase to the Elven Halls.
 24072 | Orc:4    | Found a bloodstained altar of Trog.
 24109 | Orc:4    | Reached skill level 1 in Evocations
 24138 | Orc:4    | Found Jehuzob's General Store.
 24942 | Lair:8   | Killed Rupert
 25228 | Lair:8   | Reached XP level 15. HP: 91/136 MP: 26/26
 25249 | Lair:8   | Identified a +4 rod of the swarm (9/9) (You found it on level 8 of the Lair of Beasts)
 25504 | Swamp:1  | Entered Level 1 of the Swamp
 25506 | Swamp:1  | Got a translucent cloak
 25556 | Swamp:1  | Identified the +2 cloak of Okawaru's Benevolence {Str+2 Int+5 Dex-5} (You found it on level 1 of the Swamp)
 26293 | Swamp:2  | Noticed Louise
 26300 | Swamp:2  | Pacified Louise
 27468 | Swamp:3  | Noticed a thorn hunter
 27554 | Swamp:3  | Reached skill level 5 in Evocations
 27697 | Swamp:3  | Killed a thorn hunter
 27697 | Swamp:3  | Reached skill level 10 in Fighting
 27697 | Swamp:3  | Reached skill level 10 in Shields
 28303 | Swamp:4  | Entered Level 4 of the Swamp
 28371 | Swamp:4  | Noticed a thorn hunter
 28375 | Swamp:4  | Killed a thorn hunter
 28788 | Swamp:4  | Noticed trelanon's ghost (adept VSEn)
 28888 | Swamp:4  | Killed trelanon's ghost
 28989 | Swamp:4  | Killed an azure jelly
 29015 | Swamp:4  | Reached skill level 10 in Armour
 29288 | Swamp:4  | Reached XP level 16. HP: 125/147 MP: 28/28
 29635 | Swamp:4  | Noticed an azure jelly
 29643 | Swamp:4  | Killed an azure jelly
 29721 | Swamp:4  | Got a decaying rune of Zot
 29933 | Snake:1  | Entered Level 1 of the Snake Pit
 30501 | Orc:2    | Bought a +6 ring of slaying for 2013 gold pieces
 31119 | Snake:1  | Got a blackened shield
 31133 | Snake:1  | Identified the +4 shield "Wuirchemn" {rPois rCorr} (You found it on level 1 of the Snake Pit)
 31402 | Snake:2  | Reached skill level 1 in Charms
 31408 | Snake:2  | Reached skill level 1 in Air Magic
 32548 | Snake:3  | Reached skill level 5 in Charms
 32870 | Snake:3  | Reached skill level 5 in Air Magic
 32987 | Snake:3  | Reached XP level 17. HP: 138/154 MP: 28/28
 33011 | Snake:3  | Noticed Vashnia
 33035 | Snake:3  | Killed Vashnia
 33430 | Snake:4  | Entered Level 4 of the Snake Pit
 33443 | Snake:3  | Reached skill level 1 in Translocations
 33452 | Snake:4  | Noticed Saint Roka
 33791 | Snake:4  | Killed Saint Roka
 34607 | Snake:3  | Reached skill level 5 in Translocations
 35174 | Snake:4  | Reached skill level 17 in Axes
 35401 | Snake:4  | Gained mutation: You passively map a large area around you. [Deep Dwarf growth]
 35401 | Snake:4  | Reached XP level 18. HP: 161/163 MP: 29/29
 35490 | Snake:4  | Got a serpentine rune of Zot
 35895 | Slime:1  | Entered Level 1 of the Pits of Slime
 36360 | Slime:1  | Reached skill level 10 in Crossbows
 36897 | Slime:3  | HP: 5/165 [azure jelly (36)]
 36901 | Slime:2  | Elyvilon protects you from harm!
 36911 | Slime:2  | Splashed with acid

Vault maps used:
D:1:      scummos_arrival_checkerplants
D:2:      kennysheep_the_goblin_king, lemuel_crystal_altar,
          gammafunk_temple_overflow_statue, nicolae_ru_the_path_less_chosen
D:3:      vehumet_altar_wand_db, lemuel_doored_altar, first_bread, uniq_terence,
          uniq_grinder
D:4:      minmay_temple_entry_trees, uniq_purgy
D:5:      old_standard_altar, nicolae_qazlal_general_emergency, uniq_duvessa
D:6:      minmay_goblin_kobold_castle, uniq_edmund, uniq_pikel
D:7:      serial_shops, shop, grunt_livestock
D:8:      kennysheep_cluttered_room, minmay_misc_feat_iff, xom_confusion_cloud
D:9:      old_standard_altar, serial_shops, shop, grunt_gozag_statues,
          uniq_erolcha
D:10:     minmay_protected_statue
D:11:     due_lair_maze_entry_diamond, guppyfry_shop_venom
Lair:1:   nicolae_volcano_entry_batcave, guppyfry_lair_drakes,
          serial_bayou_shore_a
Lair:2:   minmay_lair_oklob_bushes
Lair:3:   guppyfry_snake_entry_garden
Lair:4:   lemuel_reptile_caves, minmay_swamp_entry_swarm
Lair:6:   slime_dummy, grunt_megastairs_4, uniq_kirke
Lair:7:   minmay_holes, fungi_pond_lemuel, serial_bayou_pond_b
Lair:8:   evilmike_catoblepas_cave, st_stairs_6, uniq_rupert
Swamp:1:  serial_swamp_ruin, evilmike_swamp_ruin_house_4,
          hangedman_swamp_ruin_wall, swamp_pool4
Swamp:2:  evilmike_swamp_ruin_rubble_2, uniq_louise
Swamp:3:  evilmike_swamp_ruin_house_2
Swamp:4:  swamp_icy, infiniplex_staircase_pool_2
Snake:3:  hangedman_snake_corridor_split, uniq_vashnia
Snake:4:  snake_pit_salamanders_mu, uniq_saint_roka
Slime:3:  cheibrodos_slime_lost_civilization_4
Orc:1:    lemuel_ogre_cave, basic_altar, serial_shops, shop,
          nicolae_shop_statue_plus, shop
Orc:2:    basic_altar, special_room, serial_shops, shop_statue, uniq_sonja,
          uniq_urug, uniq_maud
Orc:3:    nicolae_orc_pool_cavern
Orc:4:    grunt_orc_gardens, grunt_orc_garden, grunt_orc_garden,
          grunt_orc_garden, grunt_orc_garden, trog_book
Volcano:  volcano_lake

Action                   |  1- 3 |  4- 6 |  7- 9 | 10-12 | 13-15 | 16-18 || total
-------------------------+-------+-------+-------+-------+-------+-------++-------
Melee: Spear             |   102 |   254 |       |       |       |       ||   356
       Hand axe          |       |    70 |    23 |       |       |       ||    93
       Short sword       |       |     4 |       |       |       |       ||     4
       Dagger            |       |       |    98 |       |       |       ||    98
       War axe           |       |       |   166 |   249 |  1160 |   921 ||  2496
       Battleaxe         |       |       |       |   340 |       |       ||   340
 Fire: Hand crossbow     |    13 |    40 |    77 |    36 |    18 |    10 ||   194
Throw: Javelin           |    21 |    10 |     2 |    35 |     7 |       ||    75
       Stone             |       |    59 |    22 |    66 |       |       ||   147
       Tomahawk          |       |       |       |    64 |   360 |   162 ||   586
 Cast: Repel Missiles    |       |       |       |       |       |     2 ||     2
Invok: Lesser Healing    |       |       |    27 |   118 |    68 |    72 ||   285
       Heal Other        |       |       |     2 |    14 |    19 |     8 ||    43
       Greater Healing   |       |       |       |       |     1 |     7 ||     8
       Purification      |       |       |       |       |     1 |       ||     1
       Divine Protection |       |       |       |       |       |     1 ||     1
 Abil: Evoke Invisibilit |       |       |       |     1 |       |       ||     1
       Device Recharging |       |       |       |       |       |     1 ||     1
Evoke: Wand              |     1 |     1 |     7 |     3 |     5 |     5 ||    22
  Use: Scroll            |     3 |     3 |     8 |    19 |    10 |     3 ||    46
       Potion            |       |     3 |     4 |     3 |     6 |     4 ||    20
 Stab: Sleeping          |       |       |       |     3 |       |       ||     3
       Invisible         |       |       |       |     5 |    14 |       ||    19
       Distracted        |       |       |       |       |       |     1 ||     1
  Eat: Royal jelly       |     1 |       |     1 |       |       |       ||     2
       Chunk             |     1 |     6 |    15 |    29 |    67 |    34 ||   152
       Pizza             |       |       |     1 |     6 |     3 |       ||    10
       Meat ration       |       |       |       |     2 |     1 |       ||     3
       Beef jerky        |       |       |       |     2 |     2 |     1 ||     5
